 Dungeon Crawl Stone Soup version 0.20-a0-3-g334f831 (console) character file.

178058 brucemayne the Executioner (level 17, -17/148 HPs)
             Began as a Hill Orc Monk on Oct 30, 2016.
             Was a High Priest of Makhleb.
             Demolished by a freezing wraith (19 damage)
             ... led by a death knight
             ... on level 4 of the Vaults.
             The game lasted 02:03:52 (14014 turns).

brucemayne the Executioner (Hill Orc Monk)         Turns: 14014, Time: 02:03:52

Health: -17/148    AC: 28    Str: 28    XL:     17   Next: 52%
Magic:  0/31       EV: 16    Int: 15    God:    Makhleb [*****.]
Gold:   773        SH:  0    Dex: 16    Spells: 3 memorised, 9 levels left

rFire  . . .     SeeInvis .     b - +3 battleaxe (venom)
rCold  . . .     Gourm    .     p - +0 plate armour
rNeg   . . .     Faith    .     (shield currently unavailable)
rPois  +         Spirit   +     R - +0 hat {Spirit}
rElec  +         Reflect  .     d - +0 cloak of the Stars {rPois Str+2}
rCorr  .         Harm     .     h - +0 pair of gloves
MR     +....                    r - +0 pair of boots
Stlth  ..........               w - amulet of regeneration
                                a - ring of poison resistance
                                t - +6 ring of protection

@: mighty, brilliant, agile, lethally poisoned (-17 -> -18), marked, very
slightly contaminated, slowed, invisible, very slow
A: slimy green scales 1, thin metallic scales 1, clumsy 1, deterioration 1,
electricity resistance
a: Minor Destruction, Lesser Servant of Makhleb, Major Destruction, Greater
Servant of Makhleb, Renounce Religion
}: 2/15 runes: serpentine, barnacled


You were on level 4 of the Vaults.
You worshipped Makhleb.
Makhleb was extremely pleased with you.
You were not hungry.

You visited 8 branches of the dungeon, and saw 36 of its levels.
You visited the Abyss 1 time.
You also visited: Labyrinth.

You collected 2000 gold pieces.
You spent 1227 gold pieces at shops.

Inventory:

Hand Weapons
 b - a +3 battleaxe of venom (weapon)
 q - a +3 battleaxe of electrocution
 G - a +3 antimagic battleaxe
 M - a +0 blowgun
 N - a +1 dagger of distortion
 T - a +3 war axe of freezing
 W - a +0 broad axe of flaming
Missiles
 j - 12 javelins of penetration (quivered)
 s - 2 throwing nets
 O - 9 curare-tipped needles
Armour
 d - the +0 cloak of the Stars (worn) {rPois Str+2}
   (You found it on level 14 of the Dungeon)

   It affects your strength (+2).
   It protects you from poison.
 h - a +0 pair of gloves (worn)
 p - a +0 plate armour (worn)
 r - a +0 pair of boots (worn)
 x - a +1 cloak of invisibility
 z - a +2 shield
 F - the +0 helmet "Xainne Usunt" {rF+ Str+2 Int+3 Stlth-}
   (You bought it in a shop on level 2 of the Orcish Mines)

   It affects your strength (+2).
   It affects your intelligence (+3).
   It protects you from fire.
   It makes you less stealthy.
 L - a +1 shield of cold resistance
 R - a +0 hat of spirit shield (worn)
 Y - the +0 plate armour "Viucikenn" {rC+++ MR- Regen+ rCorr}
   (You bought it in a shop on level 2 of the Orcish Mines)

   It renders you almost immune to cold.
   It affects your resistance to hostile enchantments.
   It increases your rate of regeneration.
   It protects you from acid and corrosion.
Jewellery
 a - a ring of poison resistance (right hand)
 t - a +6 ring of protection (left hand)
 w - an amulet of regeneration (around neck)
 C - an uncursed ring of wizardry
 D - an uncursed ring of protection from cold
Wands
 i - a wand of paralysis (11/24)
 v - a wand of acid (6/15)
 y - a wand of iceblast (9/15)
 Z - a wand of lightning (5/15)
Scrolls
 n - 7 scrolls of recharging
 u - 6 scrolls of remove curse
Potions
 f - 5 potions of lignification
 k - a potion of resistance
 o - 2 potions of curing
 A - a potion of cure mutation
 B - a potion of brilliance
 H - a potion of magic {unknown}
 K - a potion of ambrosia {unknown}
 Q - a potion of haste {unknown}
 S - a potion of might
 U - 2 potions of flight
 V - a potion of berserk rage {unknown}
Comestibles
 c - 7 bread rations
 X - 2 meat rations


   Skills:
 - Level 12.9 Fighting
 - Level 22.7 Axes
 - Level 10.0 Armour
 - Level 6.1 Dodging
 - Level 1.5 Stealth
 + Level 21.4 Invocations
 - Level 6.7 Evocations


You had 9 spell levels left.
You knew the following spells:

 Your Spells              Type           Power        Failure   Level  Hunger
a - Regeneration          Chrm/Necr      #.........   77%         3    ####...
b - Blink                 Tloc           N/A          56%         2    ###....
c - Repel Missiles        Chrm/Air       #.....       56%         2    ###....


Dungeon Overview and Level Annotations

Branches:
Dungeon (14/15)            Temple (1/1) D:7            Lair (6/6) D:10
 Shoals (4/4) Lair:2        Snake (4/4) Lair:3        Slime (0/5) Lair:6
    Orc (2/2) D:12            Elf (1/3) Orc:2        Vaults (4/5) D:14
  Crypt: Vaults:2-3

Altars:
Ashenzari
Cheibriados
Fedhas
Hepliaklqana
Kikubaaqudgha
Makhleb
Nemelex Xobeh
Okawaru
Qazlal
Ru
Sif Muna
Trog
Uskayaw
Vehumet
Xom
Yredelemnul
Zin
The Shining One
Beogh
Jiyva

Shops:
D:4 *}[   D:6 =   D:8 ?   D:9 (   D:10 *   Orc:2 [***   Vaults:4 [

Annotations:
D:8 exclusion: downstairs
D:9 dobroeutro's ghost, novice TrMo
D:10 exclusion: downstairs
D:11 Harold
D:12 exclusion: downstairs
D:13 Frances


Innate Abilities, Weirdness & Mutations

You are partially covered in slimy green scales. (AC +2)
You are partially covered in thin metallic scales. (AC +2)
You are clumsy. (Dex -2)
Your body sometimes deteriorates upon taking damage.
You are resistant to electric shocks. (rElec)


Message History

The tengu reaver barely misses you.
The skeletal warrior hits you but does no damage.
The freezing wraith hits you but does no damage. x2
The vault guard hits you but does no damage.
The ogre mage hits you but does no damage.
The deep troll barely misses you. The deep troll claws you!
* * * LOW HITPOINT WARNING * * *
The deep troll claws you!
* * * LOW HITPOINT WARNING * * *
The yaktaur captain shoots a bolt.
The bolt hits the ogre mage!!!
The ogre mage dies!
The yaktaur captain shoots a bolt.
The bolt hits the tengu reaver!
The tengu reaver hits you but does no damage.
The tengu reaver pecks you but does no damage.
The tengu reaver claws you but does no damage.
The vault sentinel blows a loud note on a signal horn!
The freezing wraith hits you!
* * * LOW HITPOINT WARNING * * *
The freezing wraith freezes you!!
You die...

#..#....#2.....#,,
#Op####.#.#....#,,
#..###....#....#,,
#OO##..#########,*
#WO##.##...##.#*,*
#cc##.#.....#.#*,*
#*)##.'..8..+)#*,*
#QT##)#.....#.#*,+
#@p##.##...##[#*,*
#Wz#########([#*,*
################WO#....#)(()##*,*
................O.#....#.#(####,,
..........[...z...#......#)...#,,
...........z......#....###....#,,
..........p.......###'#########,,
.............................,,,,
.............................,,,,


You could see a tengu reaver, 2 yaktaur captains, a vault guard, a skeletal
warrior, a flayed ghost, a deep troll, a vault sentinel, 2 freezing wraiths, a
two-headed ogre, 5 ogres and a battlesphere.

Vanquished Creatures
  Gastronok (D:10)
  Ilsuiw (Shoals:4)
  A fire giant (Vaults:4)
  A vault warden (Vaults:4)
  An orc warlord (Vaults:4)
  2 deep elf sorcerers (Vaults:4)
  An ironheart preserver (Vaults:4)
  An entropy weaver (Vaults:4)
  3 stone giants
  Nessos (Orc:2)
  A deep elf demonologist (Vaults:4)
  Azrael (Snake:1)
  3 merfolk javelineers
  6 merfolk impalers
  A minotaur (Lab)
  2 yaktaur captains
  2 vault guards (Vaults:4)
  Erolcha (D:13)
  A rakshasa (Vaults:2)
  4 ogre magi
  7 naga warriors
  A catoblepas (D:14)
  2 merfolk avatars (Shoals:3)
  3 centaur warriors
  2 merfolk aquamancers
  A hydra (Lair:6)
  3 anacondas
  A death knight (Vaults:4)
  2 satyrs (Shoals:4)
  A queen ant (Lair:3)
  4 orc high priests (Orc:2)
  7 naga sharpshooters
  5 shock serpents
  2 deep elf knights
  A skeletal warrior (D:14)
  The ghost of brucemayne the Cleaver, a novice HOMo of the Shining One (D:7)
  Sonja (D:10)
  6 sea snakes
  6 harpies
  5 hill giants
  2 naga ritualists
  3 ironbrand convokers (Vaults:4)
  2 deep elf archers (Vaults:4)
  4 deep elf magi
  5 fauns
  A mana viper (Snake:3)
  5 orc knights
  2 cyclopes (D:12)
  A wolf spider (Lair:6)
  An orc sorcerer (Orc:2)
  2 salamanders
  2 sirens
  3 guardian serpents
  20 black mambas
  2 torpor snails (Lair:6)
  3 vault sentinels (Vaults:4)
  3 water nymphs
  A centaur zombie (D:12)
  10 naga magi
  3 spiny frogs
  19 yaktaurs
  2 komodo dragons
  A kobold demonologist (D:14)
  A rime drake (Lair:4)
  A yaktaur (shapeshifter) (Vaults:4)
  A freezing wraith (Vaults:4)
  10 polar bears
  A wind drake (Shoals:4)
  4 hornets
  5 merfolk
  3 trolls
  3 raiju (Lair:6)
  7 snapping turtles
  4 slime creatures (D:12)
  7 two-headed ogres
  The ghost of UnlimitedFusion the Firebug, an amateur HuFE (D:4)
  5 hippogriffs
  2 redbacks (Lair:6)
  Sigmund (D:4)
  36 yaks
  7 wyverns
  Eustachio (D:4)
  A wraith (D:10)
  3 fire elementals (Snake:1)
  2 hungry ghosts
  3 water elementals
  3 vampire mosquitoes (D:13)
  A mottled dragon (D:12)
  Edmund (D:4)
  6 wargs
  21 nagas
  13 soldier ants (Lair:3)
  3 porcupines
  9 hell hounds
  11 water moccasins
  20 orc warriors
  15 black bears
  An ice beast (D:12)
  2 phantoms (D:8)
  4 sky beasts
  2 necrophages
  16 ogres
  15 wolves (Lair:6)
  9 centaurs
  4 crocodiles
  8 big kobolds
  10 bullfrogs
  A gnoll sergeant (D:10)
  2 wyvern skeletons (D:14)
  3 killer bees (D:10)
  4 wights
  2 electric eels (Lair:5)
  A howler monkey (D:5)
  2 bullfrog skeletons
  A quasit (D:6)
  2 bullfrog zombies
  21 orc priests
  13 hounds
  5 jellies
  17 orc wizards
  4 centaur skeletons
  41 worker ants
  A hound skeleton (D:5)
  8 gnolls
  13 adders
  7 oozes
  2 worms
  A dart slug (D:5)
  6 leopard geckos
  63 orcs
  2 bats (D:1)
  2 giant cockroaches
  2 goblins
  3 hobgoblins
  7 jackals
  43 kobolds
  2 quokkas
  6 frilled lizards
  A leopard gecko skeleton (D:8)
  5 rats
  4 fungi
  7 plants
780 creatures vanquished.

Vanquished Creatures (collateral kills)
  A vault warden (Vaults:4)
  2 ironheart preservers (Vaults:4)
  A deep elf demonologist (Vaults:4)
  3 merfolk javelineers (Shoals:4)
  An ogre mage (Vaults:4)
  A yaktaur captain (Vaults:4)
  A vault guard (Vaults:4)
  A merfolk avatar (Shoals:3)
  An ice dragon (Vaults:4)
  A death knight (Vaults:4)
  A shock serpent (Snake:3)
  An orc high priest (Orc:2)
  A deep elf mage (Vaults:4)
  2 ironbrand convokers (Vaults:4)
  2 deep elf archers
  3 harpies (Shoals:4)
  3 orc knights (Orc:2)
  A faun (Shoals:1)
  2 vault sentinels (Vaults:4)
  A freezing wraith (Vaults:4)
  A yaktaur (Vaults:3)
  2 merfolk
  2 two-headed ogres
  A hornet (Vaults:4)
  3 slime creatures (D:12)
  A redback (Vaults:4)
  A yak (Orc:1)
  A water elemental (Shoals:2)
  A warg (Orc:1)
  3 hell hounds
  8 orc warriors
  3 ogres
  A wolf (Lair:6)
  A centaur (Shoals:4)
  An orc priest (Orc:2)
  2 hounds (Lair:6)
  An orc wizard (Orc:1)
  4 orcs
67 creatures vanquished.

Vanquished Creatures (others)
  A vault warden (Vaults:1)
  An ogre mage (Vaults:4)
  A harpy (shapeshifter) (Vaults:4)
  2 fauns (Shoals:4)
  2 merfolk (Shoals:1)
  A snapping turtle (Shoals:4)
  An ogre (Vaults:4)
  11 fungi
  16 plants (Lair:6)
36 creatures vanquished.

Grand Total: 883 creatures vanquished

Notes
Turn   | Place    | Note
-------+----------+-------------------------------------------
     0 | D:1      | brucemayne the Hill Orc Monk began the quest for the Orb.
     0 | D:1      | Reached XP level 1. HP: 19/19 MP: 1/1
    77 | D:1      | Reached XP level 2. HP: 16/26 MP: 2/2
   327 | D:1      | Reached skill level 5 in Axes
   377 | D:1      | Found a shimmering altar of Xom.
   482 | D:2      | Reached XP level 3. HP: 23/31 MP: 3/3
   678 | D:2      | Reached skill level 6 in Axes
   767 | D:4      | Noticed UnlimitedFusion's ghost (amateur HuFE)
   786 | D:4      | Killed UnlimitedFusion's ghost
   786 | D:4      | Reached skill level 8 in Axes
   786 | D:4      | Reached XP level 4. HP: 29/39 MP: 4/4
   786 | D:4      | Reached XP level 5. HP: 34/45 MP: 5/5
   786 | D:4      | Reached XP level 6. HP: 38/51 MP: 6/6
   791 | D:4      | Found Ideyx's Gadget Boutique.
   887 | D:4      | Found Akhlo's Armour Emporium.
   920 | D:4      | Noticed Eustachio
   943 | D:4      | Killed Eustachio
   943 | D:4      | Reached skill level 9 in Axes
   972 | D:4      | Found Niruatel's General Store.
  1001 | D:4      | Bought a potion of curing for 36 gold pieces
  1079 | D:5      | Entered Level 5 of the Dungeon
  1102 | D:5      | Reached skill level 10 in Axes
  1102 | D:5      | Reached XP level 7. HP: 42/57 MP: 7/7
  1144 | D:4      | Noticed Sigmund
  1219 | D:4      | Killed Sigmund
  1259 | D:4      | Reached skill level 11 in Axes
  1382 | D:4      | Noticed Edmund
  1403 | D:4      | Killed Edmund
  1403 | D:4      | Reached XP level 8. HP: 50/64 MP: 8/8
  1531 | D:6      | Found Jagrua Leth's Jewellery Shoppe.
  1559 | D:6      | Reached skill level 12 in Axes
  1789 | D:8      | Noticed a hand axe
  1789 | D:8      | Noticed a hand axe
  1790 | D:8      | Found a hide-covered altar of Uskayaw.
  1843 | D:8      | Reached skill level 13 in Axes
  2005 | D:8      | Found a sparkling altar of Nemelex Xobeh.
  2005 | D:8      | Found a snail-covered altar of Cheibriados.
  2005 | D:8      | Found a hazy altar of Hepliaklqana.
  2005 | D:8      | Found a radiant altar of Vehumet.
  2035 | D:9      | Found a shattered altar of Ashenzari.
  2110 | D:8      | Reached skill level 14 in Axes
  2120 | D:8      | Reached XP level 9. HP: 39/70 MP: 9/9
  2266 | D:8      | Paralysed by an orc for 4 turns
  2395 | D:7      | Reached skill level 15 in Axes
  2516 | D:6      | Reached skill level 1 in Armour
  2577 | D:7      | Found a blossoming altar of Fedhas.
  2605 | D:7      | Noticed a hornet
  2626 | D:7      | Killed a hornet
  2655 | D:7      | Reached skill level 5 in Fighting
  2690 | D:7      | Found a staircase to the Ecumenical Temple.
  2692 | D:7      | Noticed brucemayne's ghost (novice HOMo)
  2699 | Temple   | Entered the Ecumenical Temple
  2787 | Temple   | Became a worshipper of Makhleb the Destroyer
  2787 | Temple   | Reached * piety under Makhleb
  2787 | Temple   | Reached ** piety under Makhleb
  2872 | D:8      | Found Cuaprauti's Magic Scroll Boutique.
  2893 | D:8      | Bought a scroll of teleportation for 33 gold pieces
  2893 | D:8      | Bought a scroll of fear for 38 gold pieces
  2980 | D:9      | Noticed a hill giant
  2981 | D:9      | Noticed dobroeutro's ghost (novice TrMo)
  3071 | D:8      | Found a sacrificial altar of Ru.
  3162 | D:9      | Killed a hill giant
  3162 | D:9      | Reached XP level 10. HP: 86/86 MP: 10/10
  3333 | D:9      | Found Unkiloof's Weapon Shoppe.
  3368 | D:10     | Entered Level 10 of the Dungeon
  3701 | D:9      | Reached skill level 16 in Axes
  3849 | D:10     | Noticed Sonja
  3875 | D:10     | Killed Sonja
  3952 | D:10     | Gained mutation: You are clumsy. (Dex -2) [mutagenic meat]
  3953 | D:10     | Gained mutation: Your body sometimes deteriorates upon taking damage. [mutagenic meat]
  3954 | D:10     | Gained mutation: You are resistant to electric shocks. (rElec) [mutagenic meat]
  3955 | D:10     | Gained mutation: You are partially covered in slimy green scales. (AC +2) [mutagenic meat]
  3963 | D:11     | Noticed Harold
  3966 | D:11     | Noticed a hill giant
  3993 | D:10     | Reached *** piety under Makhleb
  4075 | D:10     | Found Utearche's General Store.
  4242 | D:10     | Found a staircase to the Lair.
  4256 | D:10     | Noticed a deep elf mage
  4257 | D:10     | Noticed Gastronok
  4273 | D:10     | Killed a deep elf mage
  4273 | D:10     | Reached XP level 11. HP: 84/97 MP: 14/14
  4300 | D:10     | Killed Gastronok
  4300 | D:10     | Reached skill level 10 in Fighting
  4300 | D:10     | Reached skill level 5 in Dodging
  4419 | D:11     | Killed a hill giant
  4456 | D:12     | Noticed a hill giant
  4461 | D:12     | Killed a hill giant
  4495 | D:13     | Noticed a cyclops
  4498 | D:13     | Noticed a centaur warrior
  4504 | D:12     | Killed a cyclops
  4572 | D:12     | Reached skill level 17 in Axes
  4671 | D:12     | Noticed a cyclops
  4689 | D:12     | Killed a cyclops
  4714 | D:12     | Reached **** piety under Makhleb
  4731 | D:12     | Noticed a hill giant
  4788 | D:12     | Found a staircase to the Orcish Mines.
  4797 | Orc:1    | Entered Level 1 of the Orcish Mines
  4964 | Orc:1    | Noticed an orc knight
  4984 | Orc:1    | Reached skill level 18 in Axes
  4991 | Orc:1    | Killed an orc knight
  5066 | Orc:2    | Entered Level 2 of the Orcish Mines
  5067 | Orc:2    | Noticed Nessos
  5075 | Orc:2    | Killed Nessos
  5075 | Orc:2    | Reached XP level 12. HP: 60/107 MP: 13/15
  5218 | Orc:2    | Found a staircase to the Elven Halls.
  5281 | Orc:2    | Reached skill level 19 in Axes
  5594 | Orc:2    | Noticed an orc high priest
  5614 | Orc:2    | Killed an orc high priest
  5614 | Orc:2    | Reached skill level 5 in Armour
  5859 | Orc:2    | Noticed an orc high priest
  5863 | Orc:2    | Noticed a sun demon
  5866 | Orc:2    | Noticed an orc high priest
  6014 | Orc:2    | Noticed an orc high priest
  6019 | Orc:2    | Killed an orc high priest
  6032 | Orc:2    | Killed an orc high priest
  6068 | Orc:2    | Noticed an orc high priest
  6085 | Orc:2    | Killed an orc high priest
  6175 | Orc:2    | Killed an orc high priest
  6188 | Orc:2    | Found Duenapyt's Assorted Antiques.
  6188 | Orc:2    | Found Kycafol's General Store.
  6189 | Orc:2    | Found Pieprujo's Assorted Antiques.
  6189 | Orc:2    | Found Usewkon's Armour Emporium.
  6203 | Orc:2    | Bought a pitted helmet for 228 gold pieces
  6213 | Orc:2    | Identified the cursed +0 helmet "Xainne Usunt" {rF+ Str+2 Int+3 Stlth-} (You bought it in a shop on level 2 of the Orcish Mines)
  6213 | Orc:2    | Bought a smoking plate armour for 672 gold pieces
  6223 | Orc:2    | Identified the cursed +0 plate armour "Viucikenn" {rC+++ MR- Regen+ rCorr} (You bought it in a shop on level 2 of the Orcish Mines)
  6373 | Elf:1    | Entered Level 1 of the Elven Halls
  6373 | Elf:1    | Noticed a deep elf knight
  6421 | Orc:1    | Found a roughly hewn altar of Beogh.
  6513 | D:12     | Reached XP level 13. HP: 94/114 MP: 10/16
  6564 | D:12     | Reached skill level 20 in Axes
  6752 | D:6      | Bought an uncursed ring of poison resistance for 220 gold pieces
  6825 | D:7      | Killed brucemayne's ghost
  6970 | Lair:1   | Entered Level 1 of the Lair of Beasts
  7398 | Lair:6   | Entered Level 6 of the Lair of Beasts
  7430 | Lair:6   | Found a labyrinth entrance.
  7436 | Lab      | Entered a labyrinth
  7702 | Lab      | Found an exit through the horrors of the Abyss.
  7852 | Lab      | Noticed a minotaur
  7864 | Lab      | Killed a minotaur
  7929 | Lair:6   | Reached skill level 10 in Armour
  8009 | Lair:6   | Reached ***** piety under Makhleb
  8087 | Lair:6   | Reached skill level 21 in Axes
  8255 | Lair:6   | Learned a level 3 spell: Regeneration
  8339 | Lair:6   | Reached XP level 14. HP: 115/126 MP: 5/17
  8487 | Lair:6   | Found a viscous altar of Jiyva.
  8487 | Lair:6   | Found a staircase to the Slime Pits.
  8650 | Lair:6   | Got a steaming bardiche
  8651 | Lair:6   | Identified the cursed +3 bardiche of the Five Orbs {chaos, *Slow rC+ Dex+4} (You found it on level 6 of the Lair of Beasts)
  8918 | Lair:3   | Found a staircase to the Snake Pit.
  9063 | Lair:3   | Reached skill level 5 in Invocations
  9091 | Lair:3   | Reached ****** piety under Makhleb
  9394 | Snake:1  | Entered Level 1 of the Snake Pit
  9423 | Snake:1  | Got a steaming mace
  9760 | Snake:4  | Entered Level 4 of the Snake Pit
  9772 | Snake:4  | Reached skill level 10 in Invocations
 10168 | Snake:4  | Reached XP level 15. HP: 116/134 MP: 8/24
 10688 | Snake:4  | Noticed a nagaraja
 10688 | Snake:4  | Noticed a nagaraja
 10688 | Snake:4  | Noticed a nagaraja
 10689 | Snake:4  | Noticed a nagaraja
 10691 | Snake:4  | Got a serpentine rune of Zot
 10912 | Snake:2  | Reached skill level 15 in Invocations
 10980 | Snake:1  | Noticed Azrael
 11000 | Snake:1  | Killed Azrael
 11150 | Lair:2   | Gained mutation: You are partially covered in thin metallic scales. (AC +2) [potion of beneficial mutation]
 11155 | Lair:2   | Identified a -3 rod of shadows (11/11) (You found it on level 1 of the Lair of Beasts)
 11158 | Lair:2   | Found a staircase to the Shoals.
 11164 | Shoals:1 | Entered Level 1 of the Shoals
 11265 | Shoals:2 | Reached skill level 1 in Evocations
 11445 | Shoals:3 | Reached skill level 5 in Evocations
 11458 | Shoals:4 | Entered Level 4 of the Shoals
 11688 | Shoals:4 | Reached skill level 22 in Axes
 11756 | Shoals:4 | Noticed Ilsuiw
 11786 | Shoals:4 | Reached XP level 16. HP: 141/141 MP: 9/27
 11842 | Shoals:4 | Killed Ilsuiw
 12248 | Shoals:4 | Got a barnacled rune of Zot
 12339 | Lair:2   | Learned a level 2 spell: Blink
 12342 | Lair:2   | Learned a level 2 spell: Repel Missiles
 12557 | D:13     | Noticed Frances
 12655 | D:13     | Noticed Erolcha
 12666 | D:13     | Killed Erolcha
 12751 | D:14     | Got a shimmering cloak
 12762 | D:14     | Identified the +0 cloak of the Stars {rPois Str+2} (You found it on level 14 of the Dungeon)
 12906 | D:14     | Found a gate to the Vaults.
 12931 | Vaults:1 | Entered Level 1 of the Vaults
 13318 | Vaults:3 | Found a shimmering altar of Xom.
 13505 | Vaults:4 | Found Ususiofedgh's Armour Shoppe.
 13510 | Vaults:4 | Cast into level 3 of the Abyss (a deep elf sorcerer)
 13524 | Abyss:4  | Found a corrupted altar of Lugonu.
 13539 | Vaults:4 | Escaped the Abyss
 13549 | Vaults:4 | Reached XP level 17. HP: 121/148 MP: 3/30
 14014 | Vaults:4 | HP: 2/148 [freezing wraith[a death knight] (7)]
 14014 | Vaults:4 | Demolished by a freezing wraith

Vault maps used:
D:1:      minmay_arrival_cross, amethyst_killhole, xom_teletrap_fun
D:2:      kennysheep_goblin_castle, nicolae_overflow_crystal_walls,
          lemuel_doored_altar, st_stairs_11
D:4:      kennysheep_kobold_camp, marbit_many_paths, serial_shops, shop,
          nicolae_shop_waterfront, nicolae_shop_trees, kennysheep_little_box,
          first_bread, uniq_sigmund, uniq_edmund, uniq_eustachio
D:5:      chequers_temple_overflow_minitemple, kennysheep_minor_cross
D:6:      serial_shops, shop, uniq_pikel
D:7:      fedhas_altar_3
D:8:      kennysheep_mini_moat, dancing_weapons_uskayaw,
          nicolae_overflow_hidden_temple, serial_shops, nicolae_shop_statue_plus
D:9:      evilmike_ruin_ashenzari, serial_shops, nicolae_shop_stone
D:10:     lair_0_dummy, serial_shops, shop_fountains,
          hangedman_little_slice_of_home, uniq_gastronok, uniq_sonja
D:11:     special_room, uniq_harold
D:12:     orc_0_dummy, enter_trove_0
D:13:     minivault_19, grunt_ministairs_10, uniq_frances, uniq_erolcha
D:14:     hangedman_vaults_entry_quadrant_bands, tso_altar
Temple:   dpeg_chambers_temple
Lair:2:   minmay_shoals_entry_lonely_mermaid
Lair:3:   guppyfry_snake_entry_garden, zaba_anthell
Lair:4:   serial_bayou_pond_c
Lair:5:   serial_bayou, serial_bayou_lagoon_a, serial_bayou_pond_e,
          serial_bayou_shore_a, serial_bayou_ford_a, serial_bayou_pond_e,
          serial_bayou_pond_e, minivault_27, zaba_anthole
Lair:6:   hangedman_lair_tendril_chambers, hangedman_lair_caniforms_friends,
          dpeg_slime_entry_enclosed_altar, lab_entry_generic,
          lemuel_fruit_fields
Shoals:3: nicolae_shoals_this_corrosion
Shoals:4: shoals_end_simple, shoals_ilsuiw_alternative,
          nicolae_shoals_kraken_intersection
Snake:1:  grunt_ministairs_9, uniq_azrael
Snake:3:  grunt_megastairs_2, minmay_shop_grove
Snake:4:  snake_pit, nicolae_snake_linked_coils, lemuel_fruit_tree
Orc:1:    basic_altar
Orc:2:    st_orc_pillars, uniq_nessos
Elf:1:    minmay_elf_arrival_plus, hangedman_elf_disciples,
          serial_sigils_hangedman_etch, st_stairs_6
Vaults:1: hangedman_vaults_capsules, v_misc_9, ontoclasm_vaults_eye, v_misc_15,
          nicolae_vaults_little_squares_4, grunt_tower_of_power,
          grunt_vaults_twisty, hangedman_vaults_impose, nicolae_vaults_alarming,
          v_alt_pattern_4, ontoclasm_vaults_ligature, vaults_room_corners,
          hangedman_vaults_impose, nicolae_vaults_little_ls,
          nicolae_vaults_ring_of_whatevers, nicolae_vaults_little_squares_6
Vaults:2: vaults_room_door_ring, blue_anna_dwarven_crypt, v_misc_9,
          vaults_mumra_minichess, ontoclasm_vaults_fault, v_misc_33,
          grunt_vaults_funnel, vaults_room_hangedman_quadrants,
          hangedman_vaults_restitches, vaults_room_stairs_pillars,
          nicolae_vaults_little_squares_3, nicolae_vaults_border_crossing,
          uniq_bai_suzhen
Vaults:3: hangedman_vaults_slice, hangedman_vaults_stretched_pinwheel,
          v_misc_33, vaults_mumra_hex, v_misc_31, vaults_room_pools,
          nicolae_vaults_twisting_passages, v_misc_19,
          nicolae_vaults_three_branches, vaults_dpeg_diagonal,
          vaults_dpeg_hooks, basic_altar
Vaults:4: st_spiral_rooms, ontoclasm_vaults_tryst, v_misc_3,
          hangedman_vaults_slice, v_misc_19, v_rooms_6,
          ontoclasm_vaults_shuriken, v_pattern_2, dpeg_vaults_monster_box,
          serial_shops, shop
Abyss:4:  bh_abyss_exit_grid, hangedman_abyss_stitches_cave,
          evilmike_nicolae_abyss_rune_betentacled_crabyss
Lab:      labyrinth_fake_exit, nicolae_lab_blocks, nicolae_lab_dead_end

Skill      XL: |  1  2  3  4  5  6  7  8  9 10 11 12 13 14 15 16 17 |
---------------+----------------------------------------------------+-----
Axes           | 5 8 10 11 14 15 16 18 19 21 22 | 22.7
Armour         | 4 8 10 | 10.0
Fighting       | 7 9 10 12 | 12.9
Invocations    | 4 12 15 19 21 | 21.4
Dodging        | 4 5 6 |  6.1
Evocations     | 6 |  6.7
Stealth        | |  1.5

Action                   |  1- 3 |  4- 6 |  7- 9 | 10-12 | 13-15 | 16-18 || total
-------------------------+-------+-------+-------+-------+-------+-------++-------
Melee: Hand axe          |    46 |       |    21 |       |       |       ||    67
       Whip              |    40 |    58 |   400 |       |       |       ||   498
       War axe           |       |       |    59 |   558 |   274 |       ||   891
       Broad axe         |       |       |       |    10 |    48 |       ||    58
       Battleaxe         |       |       |       |    28 |  1001 |   588 ||  1617
Invok: Lesser Servant of |       |       |       |    18 |    28 |     8 ||    54
       Greater Servant o |       |       |       |       |     1 |     5 ||     6
 Abil: Evoke Invisibilit |       |       |       |       |     3 |     1 ||     4
Evoke: Wand              |       |       |     3 |     3 |       |       ||     6
  Use: Scroll            |       |     6 |     9 |    11 |    11 |     4 ||    41
       Potion            |       |       |     3 |     1 |     9 |     7 ||    20
 Stab: Paralysed         |       |       |     6 |     7 |       |       ||    13
       Invisible         |       |       |     5 |       |    14 |     6 ||    25
       Distracted        |       |       |       |     3 |     9 |     5 ||    17
  Eat: Chunk             |       |     1 |     8 |    10 |     2 |     5 ||    26
       Meat ration       |       |       |     1 |     1 |     1 |       ||     3
       Beef jerky        |       |       |     1 |       |     2 |       ||     3
       Bread ration      |       |       |       |     2 |     1 |       ||     3
       Fruit             |       |       |       |       |     4 |     5 ||     9
Armor: Robe              |     5 |       |       |       |       |       ||     5
       Chain mail        |    24 |    27 |    66 |       |       |       ||   117
       Plate armour      |       |       |   265 |   269 |   986 |   433 ||  1953
Dodge: Dodged            |    41 |    27 |    98 |   145 |   491 |   246 ||  1048
